 Dungeon Crawl Stone Soup version 0.19-a0-1493-gd0fcaa6 (webtiles) character file.

33 Leszczynek the Grave Robber (level 3, 0/36 HPs)
             Began as an Ogre Necromancer on Sept 9, 2016.
             Slain by an orc
             ... wielding a +0 short sword
              (1 damage)
             ... on level 3 of the Dungeon.
             The game lasted 00:03:39 (943 turns).

Leszczynek the Grave Robber (Ogre Necromancer)       Turns: 943, Time: 00:03:40

Health: 0/36       AC:  4    Str: 14    XL:     3   Next: 29%
Magic:  6/6        EV: 10    Int: 14    God:
Gold:   61         SH:  0    Dex: 10    Spells: 2 memorised, 4 levels left

rFire  . . .     SeeInvis .     k - -2 mace (curse)
rCold  . . .     Gourm    .     e - +1 robe
rNeg   . . .     Faith    .     (no shield)
rPois  .         Spirit   .     (helmet restricted)
rElec  .         Dismiss  .     (no cloak)
rCorr  .         Reflect  .     (gloves unavailable)
MR     .....     Harm     .     (boots unavailable)
Stlth  +.........               (no amulet)
                                (no ring)
                                (no ring)

@: no status effects
A: unfitting armour, tough skin 1
a: no special abilities


You were on level 3 of the Dungeon.
You were not hungry.

You visited 1 branch of the dungeon, and saw 4 of its levels.

You collected 61 gold pieces.

Inventory:

Hand Weapons
 a - a +0 short sword
 h - a cursed +0 club
 k - a cursed -2 mace (weapon)
Armour
 e - a +1 robe (worn)
Potions
 c - a potion of might {unknown}
 f - a potion of heal wounds {unknown}
 j - a potion of magic {unknown}
Books
 b - a book of Necromancy

   Spells                             Type                      Level
   a - Pain                           Necromancy                   1
   b - Animate Skeleton               Necromancy                   1
   c - Vampiric Draining              Necromancy                   3
   d - Regeneration                   Charms/Necromancy            3
   e - Animate Dead                   Necromancy                   4
   f - Control Undead                 Necromancy                   4
Comestibles
 d - 2 bread rations
 g - a meat ration
 i - 2 chunks of flesh


   Skills:
 - Level 2.3 Fighting
 + Level 2.6 Maces & Flails
 - Level 1.7 Dodging
 - Level 1.5 Stealth
 - Level 2.4 Spellcasting
 - Level 2.9 Necromancy


You had 4 spell levels left.
You knew the following spells:

 Your Spells              Type           Power        Failure   Level  Hunger
a - Pain                  Necr           ##..         10%         1    #......
b - Animate Skeleton      Necr           N/A          10%         1    #......


Dungeon Overview and Level Annotations

Branches:
Dungeon (4/15)
 Temple: D:4-7

Altars:
Trog


Innate Abilities, Weirdness & Mutations

You are too large for most types of armour.
You have tough skin. (AC +1)


Message History

You barely miss the orc.
Your adder skeleton bites the orc.
The orc barely misses you.
The orc barely misses your adder skeleton.
You hit the orc.
You kill the orc!
The orc hits your adder skeleton with a short sword.
The orc hits you with a mace.
* * * LOW HITPOINT WARNING * * *
You swap places.
Your adder skeleton barely misses the orc.
The orc hits you with a short sword.
* * * LOW HITPOINT WARNING * * *
The orc closely misses you.
Things that are here:
a flail; a leather armour You hit the orc.
The orc is heavily wounded.
Your adder skeleton bites the orc but does no damage.
The orc hits you with a short sword.
You die...

## ########
#.......... # #...
..... .# ##..# #..#
.# #... ##.## #.#
#####..###...# ..#
##.........._.##o.#
##.........#...Z@..#
#.........####..o.)#
.......†..###....###
>....>.....##....#
.$.............#...
#
...............#.###
..
..................
..#
.................##
....
....###.###.......
...#


You could see 2 orcs and a friendly adder skeleton.

Vanquished Creatures
  An adder (D:3)
  A dart slug (D:1)
  An orc (D:3)
  2 bats
  3 giant cockroaches
  3 goblins
  2 hobgoblins (D:3)
  A giant newt (D:1)
  2 kobolds
  4 rats
20 creatures vanquished.

Notes
Turn   | Place    | Note
-------+----------+-------------------------------------------
     0 | D:1      | Leszczynek the Ogre Necromancer began the quest for the Orb.
     0 | D:1      | Reached XP level 1. HP: 16/16 MP: 3/3
     2 | D:1      | Learned a level 1 spell: Animate Skeleton
   189 | D:1      | Reached skill level 1 in Fighting
   258 | D:1      | Reached skill level 2 in Fighting
   270 | D:1      | Reached XP level 2. HP: 21/29 MP: 0/5
   437 | D:3      | Reached skill level 1 in Maces & Flails
   868 | D:3      | Reached skill level 2 in Maces & Flails
   868 | D:3      | Reached XP level 3. HP: 29/36 MP: 6/6
   920 | D:3      | Found a bloodstained altar of Trog.
   942 | D:3      | HP: 1/36 [orc/short sword (5)]
   943 | D:3      | Slain by an orc

Vault maps used:
D:1:      evilmike_arrival_rings
D:2:      uniq_sigmund, uniq_iyjb
D:3:      trog_three_pillars_becter
D:4:      first_bread, portal_sewer_entry_b, nemelex_altar_shiori,
          uniq_blork_the_orc

Skill      XL: |  1  2 |
---------------+-------+-----
Fighting       | 2 |  2.3
Maces & Flails | 2 |  2.6
Dodging        | |  1.7
Stealth        | |  1.5
Spellcasting   | |  2.4
Necromancy     | |  2.9

Action                   || total
-------------------------++-------
Melee: Dagger            ||     9
       Short sword       ||    51
       Mace              ||    12
 Cast: Pain              ||    13
       Animate Skeleton  ||     2
  Use: Scroll            ||     2
Armor: Robe              ||    23
Dodge: Dodged            ||    37
